 Dungeon Crawl Stone Soup version 0.31-a0-691-g409c26aa35 (webtiles) character file.

Game seed: 10523790081186637817

21 qw the Shooter (level 2, -1/17 HPs)
             Began as a Gargoyle Hunter on Sept 6, 2023.
             Slain by a worm (3 damage)
             ... on level 2 of the Dungeon.
             The game lasted 00:00:18 (845 turns).

qw the Shooter (Gargoyle Hunter)                     Turns: 845, Time: 00:00:18

Health: -1/17      AC:  7    Str: 13 (14) XL:     2   Next: 83%
Magic:  2/2        EV: 10    Int:  8 (9)  God:
Gold:   16         SH:  0    Dex: 12 (13) Spells: 1/1 levels left

rFire   + . .        Y - +0 shortbow (drain)
rCold   . . .        (shield currently unavailable)
rNeg    + . .        f - +0 ring mail
rPois   inf          (no helmet)
rElec   +            (no cloak)
rCorr   .            (no gloves)
SInv    .            (no boots)
Will    .....        (no amulet)
Stlth   +            m - ring of protection from fire
HPRegen 0.22/turn    (no ring)
MPRegen 0.08/turn

%: no passive effects
@: no status effects
A: sickness immunity, AC +2, negative energy resistance 1, electricity
resistance, torment resistance 1, petrification resistance
a: no special abilities


You were on level 2 of the Dungeon.
You visited 1 branch of the dungeon, and saw 2 of its levels.

You collected 16 gold pieces.


Innate Abilities, Weirdness & Mutations

You are immune to sickness and miasma.
Your stone body is resilient. (AC +2)
You are immune to poison.
You resist negative energy. (rN+)
You are resistant to electric shocks. (rElec)
You are resistant to unholy torment.
You are immune to petrification.


   Skills:
 - Level 2.1 Fighting
 - Level 4.7 Ranged Weapons
 + Level 0.7 Armour
 - Level 1.5 Dodging
 - Level 1.1 Stealth


You had one spell level left.
You didn't know any spells.
Your spell library was empty.

Inventory:

Hand Weapons
 Y - a +0 shortbow of draining (weapon)
Armour
 f - a +0 ring mail (worn)
Jewellery
 m - a ring of protection from fire (left hand)
Potions
 h - a potion of heal wounds {unknown}

Dungeon Overview and Level Annotations

Branches:
Dungeon (2/15)

Altars:


Message History

A kobold comes into view. It is wielding a +0 short sword.
The kobold shouts!
You shoot an arrow.
The arrow hits the kobold but does no damage.
You drain the kobold.
You kill the kobold!
You open the door.
There is an open door here.
An endoplasm, a giant cockroach and a worm come into view.
You shoot an arrow. The arrow hits the endoplasm.
The endoplasm quivers.
The endoplasm is heavily wounded.
You shoot an arrow. The arrow hits the endoplasm.
You kill the endoplasm!
The giant cockroach barely misses you.
You shoot an arrow.
The arrow barely misses the giant cockroach.
The giant cockroach bites you but does no damage.
You shoot an arrow. The arrow hits the giant cockroach.
The giant cockroach is moderately wounded.
The giant cockroach closely misses you.
You shoot an arrow. The arrow hits the giant cockroach.
You kill the giant cockroach!
You shoot an arrow. The arrow barely misses the worm.
The worm bites you!
You shoot an arrow. The arrow barely misses the worm.
The worm bites you!
You shoot an arrow. The arrow hits the worm.
The worm is moderately wounded.
You shoot an arrow. The arrow hits the worm.
The worm is moderately wounded.
The worm closely misses you.
You shoot an arrow. The arrow barely misses the worm.
The worm bites you.
You shoot an arrow. The arrow barely misses the worm.
The worm misses you.
You shoot an arrow. The arrow hits the worm.
The worm is heavily wounded.
The worm bites you.
You die...

###### ...... ######
###### #/@'.## +
#..w##..## ##
##..#....## #.
...##.....## ##.
##..#.......## #..
#.##..).....## ##..
..#...#......## #...
#.##...##.....%####...
#...# ##......##...#


You could see a worm.

Vanquished Creatures
  4 ball pythons (D:1)
  2 endoplasms
  A giant cockroach (D:2)
  2 goblins (D:1)
  A hobgoblin (D:1)
  2 jackals (D:1)
  2 quokkas (D:1)
  2 kobolds
  3 rats
19 creatures vanquished.

Notes
Turn   | Place    | Note
-------+----------+-------------------------------------------
     0 | D:1      | qw the Gargoyle Hunter began the quest for the Orb.
     0 | D:1      | Reached XP level 1. HP: 12/12 MP: 1/1
     0 | D:1      | 0 ||| qw: Version: 0.3-a-76-g4403597
     0 | D:1      | 0 ||| qw: Game counter: 238
     0 | D:1      | 0 ||| qw: Melee chars always use a shield: true
     0 | D:1      | 0 ||| qw: God list: Okawaru
     0 | D:1      | 0 ||| qw: Allow faded altars: false
     0 | D:1      | 0 ||| qw: Do Orc after clearing Dungeon:15 true
     0 | D:1      | 0 ||| qw: Do second Lair branch before Depths: true
     0 | D:1      | 0 ||| qw: Lair rune preference: random
     0 | D:1      | 0 ||| qw: Goals: Normal
     0 | D:1      | 0 ||| PLANNING D:1-11
    96 | D:1      | Reached XP level 2. HP: 17/17 MP: 2/2
   727 | D:1      | 727 ||| UPGRADING to +0 ring mail.
   737 | D:1      | 737 ||| DROPPING +0 leather armour.
   738 | D:1      | 738 ||| UPGRADING to ring of protection from fire.
   739 | D:1      | 739 ||| READING scroll labelled ZAOCZUNAGI.
   740 | D:1      | 740 ||| READING scroll labelled RYTY FUUNO.
   741 | D:1      | 741 ||| READING scroll labelled EVOINEC LOONAU.
   742 | D:1      | 742 ||| READING scroll labelled BUYPUT LENET.
   743 | D:1      | 743 ||| READING scroll labelled WIEZXIDERR.
   744 | D:1      | 744 ||| READING 3 scrolls labelled ILLIRE ECUMIU.
   745 | D:1      | 745 ||| READING scroll labelled HACZAU KILAUCUW.
   746 | D:1      | 746 ||| DRINKING 2 bubbling black potions.
   747 | D:1      | 747 ||| DROPPING scroll of butterflies.
   748 | D:1      | 748 ||| DROPPING potion of degeneration.
   749 | D:1      | 749 ||| DROPPING 2 scrolls of summoning.
   840 | D:2      | HP: 1/17 [worm (8)]
   845 | D:2      | Slain by a worm

Levels and vault maps discovered:
D:1:      ncdulo_lavacross, layout_basic
D:2:      minmay_razor_zed, layout_basic, uniq_sigmund

Action                     || total
---------------------------++-------
   Fire: Shortbow          ||    55
    Use: Scroll            ||     7
         Potion            ||     1
 Armour: Leather armour    ||    14
         Ring mail         ||     5
  Dodge: Dodged            ||    20

Table legend:
 A = Non-vault XP
 B = Vault XP
 C = Vault XP percentage of total XP
 D = Non-vault monster count
 E = Vault monster count
 F = Vault count percentage of total count
                 A         B        C        D         E       F
            +---------+---------+-------+---------+---------+-------
      Total |      26 |       4 |  13.3 |      17 |       2 |  10.5
            +---------+---------+-------+---------+---------+-------
        D:1 |      24 |       0 |   0.0 |      15 |       0 |   0.0
        D:2 |       2 |       4 |  66.7 |       2 |       2 |  50.0
            +---------+---------+-------+---------+---------+-------
